AoeStats
← MZTK | GaboxNet .i.

Yucatan

510399808Analyzed
4v4 RM · 12h ago on Sep 30, 2026· 73m 35s· 8 players
Game mode
Random Map
Map size
Large (8 player)
Population
200
Speed
Normal
Resources
Standard
Victory
Conquest
Starting age
Dark Age
Ending age
Imperial Age
RankedLock teamsTeams togetherTeam positionsShared explorationLock speedFull tech treeHidden civsTurbo modeCheats
Victory
Defeat
🇲🇽 Tatars · Mexico
1232
+15
🇺🇸 Varangians · United States
1189
+17
🇲🇽 Mongols · Mexico
1182
+18
🇲🇽 Saracens · Mexico
1180
+17
🇫🇷 Mongols · France
1263
-18
🇨🇱 Persians · Chile
1212
-17
🇲🇽 Britons · Mexico
1189
-16
🇫🇷 Varangians · France
1185
-16
DSLG | Maxteel97
4:31 Loom
10:20 Feudal Age
12:22 Double-Bit Axe
14:12 Fletching
16:30 Padded Archer Armor
IRK Dr3amjoe
7:59 Loom
10:14 Feudal Age
12:21 Double-Bit Axe
14:42 Castle Age
13:27 Gold Mining
13:54 Fletching
14:10 Padded Archer Armor
15:43 Bow Saw
16:37 Wheelbarrow
16:29 Bodkin Arrow
23:19 Horse Collar
24:16 Heavy Plow
25:44 Leather Archer Armor
26:17 Town Watch
27:17 Stone Mining
29:09 Husbandry
29:20 Bloodlines
28:39 Light Cavalry
29:53 Ballistics
31:21 Scale Barding Armor
31:26 Forging
32:36 Nomads
36:09 Imperial Age
35:47 Hand Cart
35:55 Chain Barding Armor
36:10 Iron Casting
37:59 Chemistry
36:34 Capped Ram
37:37 Drill
37:48 Bracer
39:10 Conscription
39:56 Blast Furnace
40:21 Scale Mail Armor
39:46 Heavy Camel Rider
41:19 Gold Shaft Mining
41:04 Elite Mangudai
42:20 Chain Mail Armor
44:25 Hoardings
43:48 Murder Holes
45:47 Plate Mail Armor
45:33 Siege Ram
47:02 Stone Shaft Mining
46:30 Town Patrol
46:55 Hussar
47:45 Onager
47:46 Heavy Scorpion
54:11 Siege Onager
55:48 Fortified Wall
62:30 Cavalier
62:35 Elite Skirmisher
63:21 Thumb Ring
62:43 Pikeman
63:23 Squires
63:08 Arson
Gabito
6:35 Loom
8:43 Feudal Age
9:22 Double-Bit Axe
19:16 Castle Age
18:36 Scale Barding Armor
18:52 Forging
18:54 Bloodlines
20:19 Chain Barding Armor
20:23 Horse Collar
21:06 Husbandry
21:23 Bow Saw
24:14 Wheelbarrow
28:11 Heavy Plow
28:16 Gold Mining
29:31 Chain Barding Armor
30:01 Iron Casting
29:16 Town Watch
30:21 Gold Shaft Mining
34:18 Hand Cart
34:46 Fletching
35:30 Fletching
38:24 Imperial Age
35:51 Fletching
36:44 Bodkin Arrow
39:44 Blast Furnace
38:50 Crossbowman
39:04 Cavalier
41:03 Kamandaran
42:46 Plate Barding Armor
43:15 Padded Archer Armor
44:18 Chemistry
44:43 Leather Archer Armor
46:16 Savar
48:21 Crop Rotation
51:24 Conscription
52:54 Ring Archer Armor
55:24 Two-Man Saw
54:26 Stone Mining
56:03 Ballistics
56:09 Thumb Ring
58:24 Hoardings
62:04 Masonry
65:04 Capped Ram
67:05 Elite War Elephant
70:33 Citadels
ZyTeK 23
2:07 Loom
11:26 Feudal Age
15:48 Castle Age
13:47 Double-Bit Axe
25:49 Horse Collar
27:30 Forging
28:28 Scale Barding Armor
30:21 Iron Casting
30:10 Bloodlines
30:41 Gold Mining
30:42 Stone Mining
32:05 Bow Saw
33:41 Heavy Plow
34:29 Chain Barding Armor
34:00 Fletching
35:52 Wheelbarrow
38:32 Imperial Age
36:45 Bodkin Arrow
36:51 Padded Archer Armor
37:14 Ballistics
38:34 Leather Archer Armor
39:54 Bracer
40:25 Ring Archer Armor
39:40 Cranequins
41:26 Plate Barding Armor
41:25 Fortified Wall
42:17 Chemistry
43:11 Blast Furnace
41:36 Heavy Mounted Crossbowman
42:45 Conscription
44:36 Elite Jarl
MZTK l ROD
4:02 Loom
11:09 Feudal Age
18:58 Castle Age
18:23 Double-Bit Axe
18:54 Bloodlines
18:36 Fletching
20:39 Bodkin Arrow
25:09 Husbandry
25:34 Gold Mining
27:10 Wheelbarrow
29:10 Horse Collar
31:41 Town Watch
33:10 Ballistics
35:11 Bow Saw
35:04 Heavy Plow
35:22 Town Watch
37:01 Gold Shaft Mining
39:37 Imperial Age
38:14 Scale Barding Armor
38:19 Forging
39:01 Hand Cart
39:01 Forging
39:54 Chain Barding Armor
40:52 Iron Casting
40:58 Iron Casting
40:32 Bracer
40:48 Silk Armor
40:29 Heavy Camel Rider
42:46 Chemistry
42:09 Padded Archer Armor
43:15 Conscription
43:03 Elite Skirmisher
43:08 Heavy Cavalry Archer
45:05 Leather Archer Armor
45:50 Blast Furnace
46:28 Ring Archer Armor
46:18 Stone Mining
47:01 Crop Rotation
51:22 Town Patrol
50:59 Elite Skirmisher
52:17 Plate Barding Armor
58:14 Light Cavalry
60:19 Scale Mail Armor
60:16 Hussar
MZTK | GaboxNet .i.
10:07 Feudal Age
11:22 Double-Bit Axe
14:20 Bloodlines
16:54 Castle Age
17:03 Light Cavalry
17:37 Loom
18:23 Bow Saw
19:07 Husbandry
19:54 Forging
20:02 Scale Barding Armor
25:26 Wheelbarrow
24:46 Horse Collar
26:43 Padded Archer Armor
26:47 Elite Skirmisher
28:51 Heavy Plow
28:44 Gold Mining
31:13 Ballistics
31:49 Gold Shaft Mining
32:02 Leather Archer Armor
36:44 Imperial Age
34:35 Hand Cart
35:42 Fletching
36:44 Town Watch
36:56 Bodkin Arrow
37:42 Bracer
38:06 Town Patrol
39:11 Chemistry
38:38 Parthian Tactics
38:31 Hussar
40:08 Conscription
40:13 Elite Mangudai
42:58 Stone Mining
43:31 Chain Barding Armor
43:47 Iron Casting
43:04 Capped Ram
45:39 Fortified Wall
48:06 Blast Furnace
46:43 Onager
49:32 Coinage
49:42 Drill
49:03 Siege Ram
55:05 Scale Mail Armor
58:51 Masonry
_MZTK_SIRO_
8:04 Loom
10:11 Feudal Age
10:15 Man-at-Arms
10:50 Double-Bit Axe
16:17 Fletching
18:43 Horse Collar
24:34 Castle Age
22:53 Stone Mining
24:24 Wheelbarrow
23:35 Town Watch
23:45 Gold Mining
24:45 Scale Mail Armor
24:53 Elite Skirmisher
29:02 Bow Saw
29:40 Heavy Plow
33:50 Gold Shaft Mining
34:55 Hand Cart
34:58 Padded Archer Armor
38:17 Scale Barding Armor
38:23 Forging
50:09 Chain Barding Armor
55:09 Leather Archer Armor
54:50 Bodkin Arrow
55:57 Thumb Ring
58:13 Town Patrol
63:26 Imperial Age
63:59 Iron Casting
64:37 Conscription
64:29 Counterweights
65:18 Bloodlines
65:08 Husbandry
66:15 Two-Man Saw
64:48 Heavy Camel Rider
67:10 Plate Barding Armor
67:36 Blast Furnace
67:55 Chemistry
67:07 Masonry
67:18 Ballistics
MrskullSoul
3:10 Loom
11:01 Feudal Age
11:31 Double-Bit Axe
15:07 Bloodlines
18:18 Castle Age
16:49 Horse Collar
18:36 Gold Mining
18:37 Stone Mining
19:03 Scale Barding Armor
19:57 Forging
20:11 Husbandry
21:27 Heavy Plow
21:56 Bow Saw
24:13 Wheelbarrow
28:44 Iron Casting
30:51 Chain Barding Armor
31:02 Vendel Legacy
35:56 Imperial Age
34:26 Ballistics
34:41 Hand Cart
37:02 Conscription
37:44 Plate Barding Armor
38:58 Blast Furnace
38:00 Town Watch
37:50 Cavalier
40:50 Chemistry
41:14 Guilds
43:38 Fletching
43:48 Padded Archer Armor
45:07 Arson
45:22 Squires
45:08 Gambesons
45:32 Scale Mail Armor
46:22 Crop Rotation
45:27 Gothikon
47:27 Two-Man Saw
45:57 Elite Varangian Guard
48:34 Chain Mail Armor
50:18 Masonry
50:04 Murder Holes
50:41 Plate Mail Armor
50:46 Coinage
50:16 Caravan
52:16 Banking
53:17 Light Cavalry
55:17 Bodkin Arrow
60:45 Elite Jarl
65:41 Stone Shaft Mining
66:29 Bracer
71:40 Pikeman
73:06 Hussar
Connection lost

Rejoining the realm…

Still unreachable

The connection could not be restored.

Session expired

The server has moved on; the page needs a fresh start.